Blackhawks vs Nordiques

Created - 19 octobre 2015 at 19:08

Goals
1 2 3 T
Blackhawks 1 2 2 5
Nordiques 1 1 0 2
Shots
1 2 3 T
Blackhawks 9 11 15 35
Nordiques 9 17 6 32

1st period

1. Blackhawks , Robert Nilsson 4 (Brent Burns) at 0:10
2. Nordiques , Nikolai Kulemin 1 (Kristopher Letang, Fedor Tyutin) at 16:38

Penalties :
Daniel Carcillo (Chi) for High sticking (Minor) at 5:41

2nd period

3. Nordiques , R.J. Umberger 3 (Chris Drury, Kristopher Letang) at 3:20 (PP)
4. Blackhawks , Robert Nilsson 5 (Henrik Zetterberg) at 12:12
5. Blackhawks , Dominic Moore 3 (Kris Versteeg, Pierre-Marc Bouchard) at 15:36

Penalties :
Henrik Zetterberg (Chi) for Roughing (Minor) at 2:14, Dominic Moore (Chi) for Hooking (Minor) at 13:19, Kris Versteeg (Chi) for Boarding (Minor) at 17:08

3rd period

6. Blackhawks , Sheldon Keefe 2 (Viktor Kozlov, Dominic Moore) at 5:23
7. Blackhawks , Viktor Kozlov 3 (Brent Burns) at 14:59

Penalties :
Vaclav Prospal (Que) for Hooking (Minor) at 7:26, Kris Versteeg (Chi) for Tripping (Minor) at 11:50, Daniel Carcillo (Chi) for Cross-checking (Minor) at 17:50

Goalie Stats

Tyler Weiman (Chi), 30 saves from 32 shots - (0,938), W, 3-1-0, 60:00 minutes
Martin Brodeur (Que), 30 saves from 35 shots - (0,857), L, 4-3-0, 60:00 minutes

Players Stats for Blackhawks

Player Name              G  A  P  +/- PIM S  H  SB GA TA FO     MP     PP MP  PK MP  
------------------------------------------------------------------------------------
Alexander Sulzer         0  0  0   0  0   1  1  0  0  0  0/0    16:27   0:01   3:27 
Andy Rogers              0  0  0  -1  0   0  0  0  0  0  0/0     7:44   0:00   1:06 
Brent Burns              0  2  2   4  0   3  1  3  0  2  0/0    29:36   1:14   6:32 
Chris Campoli            0  0  0   0  0   1  2  0  0  1  0/0    19:52   0:45   4:25 
Chris Higgins            0  0  0   0  0   1  2  0  0  0  1/1    14:33   0:49   0:39 
Daniel Carcillo          0  0  0  -1  4   2  1  0  0  0  0/0     9:32   0:00   0:00 
Dominic Moore            1  1  2   0  2   2  1  0  1  0  2/5    10:37   0:00   0:33 
Henrik Zetterberg        0  1  1   2  2   6  1  2  1  1  2/8    23:08   1:10   5:47 
Jamie Langenbrunner      0  0  0   0  0   1  0  0  0  1  0/0    13:54   0:49   0:00 
Jeff Schultz             0  0  0   4  0   1  3  0  1  1  0/0    29:36   1:14   6:32 
Kris Versteeg            0  1  1   3  4   1  1  1  1  0  0/0    19:51   1:10   1:48 
Pierre-Marc Bouchard     0  1  1   1  0   2  1  0  1  0  8/15   17:40   0:49   3:16 
Robert Nilsson           2  0  2   2  0   9  2  0  0  1  14/35  24:34   1:10   6:49 
Ryan Malone              0  0  0   2  0   0  1  0  0  0  0/0     7:26   0:00   0:00 
Sheldon Keefe            1  0  1   2  0   2  3  0  1  0  3/6    10:48   0:00   3:10 
Steve Bernier            0  0  0  -1  0   0  0  1  0  0  1/1     9:24   0:00   0:00 
Viktor Kozlov            1  1  2   2  0   3  1  1  0  0  2/3     7:26   0:00   0:00 
Wes O'Neill              0  0  0   1  0   0  2  1  0  1  0/0    16:45   0:44   0:00 

Players Stats for Nordiques

Player Name              G  A  P  +/- PIM S  H  SB GA TA FO     MP     PP MP  PK MP  
------------------------------------------------------------------------------------
Alexei Kovalev           0  0  0   0  0   4  0  1  1  0  0/1    18:45   4:43   0:00 
Chris Drury              0  1  1  -3  0   2  1  1  1  0  25/42  22:47   6:18   0:29 
Chris Neil               0  0  0  -1  0   0  2  0  0  1  0/1     7:41   0:00   0:00 
Daniel Briere            0  0  0  -3  0   9  4  0  3  1  2/2    22:03   6:18   0:00 
Fedor Tyutin             0  1  1  -2  0   4  2  1  0  2  0/0    29:15   6:58   0:00 
Jarret Stoll             0  0  0   0  0   0  2  0  0  0  4/4     9:17   0:00   0:00 
Kristopher Letang        0  2  2  -2  0   3  2  1  0  0  0/0    29:15   6:58   0:00 
Kyle Calder              0  0  0  -1  0   0  0  0  0  0  0/0     8:28   0:00   0:47 
Mark Eaton               0  0  0  -1  0   1  0  3  0  0  0/0    19:23   4:03   0:54 
Matt Moulson             0  0  0   0  0   0  2  0  2  0  0/2    19:13   4:43   0:13 
Niclas Wallin            0  0  0  -1  0   0  0  0  0  1  0/0    11:22   0:00   1:05 
Niklas Kronwall          0  0  0  -1  0   0  1  1  0  0  0/0    11:26   0:00   0:54 
Nikolai Kulemin          1  0  1   0  0   1  0  0  0  0  0/0     9:17   0:00   0:00 
Pascal Dupuis            0  0  0   0  0   1  1  0  0  0  1/1    10:16   0:00   0:59 
R.J. Umberger            1  0  1  -3  0   1  1  0  1  0  2/4    23:02   6:18   0:59 
Rich Peverley            0  0  0  -1  0   3  0  0  0  0  0/2     8:12   0:00   0:31 
Toni Lydman              0  0  0  -1  0   1  1  0  0  1  0/0    19:19   4:03   1:05 
Vaclav Prospal           0  0  0   0  2   2  2  0  0  0  7/15   18:59   4:43   0:00 

3 Stars

1 - Robert Nilsson (Chi)
2 - Brent Burns (Chi)
3 - Viktor Kozlov (Chi)

Power Play

Blackhawks - 0 on 1 Attempt(s) - 0,00%
Nordiques - 1 on 6 Attempt(s) - 16,67%

Penalty Kill

Blackhawks - 5 on 6 Attempt(s) - 83,33% - Score 0 goal in Penalty Kill
Nordiques - 1 on 1 Attempt(s) - 100,00% - Score 0 goal in Penalty Kill

Team Stat

Blackhawks - Hits : 23 - Faceoff Wins : 33 - Blocked Shots : 9 - Penalty Minutes : 12
Nordiques - Hits : 21 - Faceoff Wins : 41 - Blocked Shots : 8 - Penalty Minutes : 2

Official

Referees : Walkom Stephen and Ciamaga Chris
Linesman : Pierre Champoux and David Brisebois

Game Notes

Andy Rogers is injured at 3:03 of 2nd period (Bruised Right Arm)

Finance

Level 1 -- Attendance: 3476 (57,93%) -- Ticket Income 434 500 $
Level 2 -- Attendance: 3073 (61,46%) -- Ticket Income 230 475 $
Level 3 -- Attendance: 1113 (55,65%) -- Ticket Income 55 650 $
Level 4 -- Attendance: 1912 (47,80%) -- Ticket Income 76 480 $
Luxury Box -- Attendance: 750 (75,00%) -- Ticket Income 150 000 $
Game was played at the Centre Videotron'
Total Attendance: 10324 (57,36%)
Total Ticket Income: 947 105 $
Other Income: 142 066 $
Total Income: 1 089 171 $

Blackhawks

5 vs 5 Forward 
   Center                   Left Wing                Right Wing               Time % Phy DF OF 
 1 Robert Nilsson           Henrik Zetterberg        Kris Versteeg            40     1   2  2  
 2 Pierre-Marc Bouchard     Chris Higgins            Jamie Langenbrunner      30     1   2  2  
 3 Dominic Moore            Daniel Carcillo          Steve Bernier            20     1   2  2  
 4 Viktor Kozlov            Ryan Malone              Sheldon Keefe            10     1   2  2  

5 vs 5 Defense 
   Defense                  Defense                                           Time % Phy DF OF 
 1 Brent Burns              Jeff Schultz                                      40     1   2  2  
 2 Andy Rogers              Chris Campoli                                     30     1   2  2  
 3 Wes O'Neill              Alexander Sulzer                                  20     1   2  2  
 4 Brent Burns              Jeff Schultz                                      10     1   2  2  

PowerPlay Forward 
   Center                   Left Wing                Right Wing               Time % Phy DF OF 
 1 Robert Nilsson           Henrik Zetterberg        Kris Versteeg            60     1   2  2  
 2 Pierre-Marc Bouchard     Chris Higgins            Jamie Langenbrunner      40     1   2  2  

PowerPlay Defense
   Defense                  Defense                                           Time % Phy DF OF 
 1 Brent Burns              Jeff Schultz                                      60     1   2  2  
 2 Andy Rogers              Chris Campoli                                     40     1   2  2  

Penalty Kill 4 Players Forward 
   Center                   Wing                     Time % Phy DF OF 
 1 Henrik Zetterberg        Robert Nilsson           60     1   2  2  
 2 Kris Versteeg            Pierre-Marc Bouchard     40     1   2  2  

Penalty Kill 4 Players Defense
   Defense                  Defense                  Time % Phy DF OF 
 1 Brent Burns              Jeff Schultz             60     1   2  2  
 2 Andy Rogers              Chris Campoli            40     1   2  2  

Penalty Kill - 3 Players Forward 
   Forward                                           Time % Phy DF OF 
 1 Henrik Zetterberg                                 60     1   2  2  
 2 Robert Nilsson                                    40     1   2  2  

Penalty Kill - 3 Players Defense
   Defense                  Defense                  Time % Phy DF OF 
 1 Brent Burns              Jeff Schultz             60     1   2  2  
 2 Andy Rogers              Chris Campoli            40     1   2  2  

4 vs 4 Forward 
   Center                   Wing                     Time % Phy DF OF 
 1 Henrik Zetterberg        Robert Nilsson           60     1   2  2  
 2 Kris Versteeg            Pierre-Marc Bouchard     40     1   2  2  

4 vs 4 Defense
   Defense                  Defense                  Time % Phy DF OF 
 1 Brent Burns              Jeff Schultz             60     1   2  2  
 2 Andy Rogers              Chris Campoli            40     1   2  2  

Last Minutes Offensive
   Center                   Left Wing                Right Wing               Defense                  Defense                  
   Robert Nilsson           Henrik Zetterberg        Kris Versteeg            Brent Burns              Jeff Schultz             

Last Minutes Defensive
   Center                   Left Wing                Right Wing               Defense                  Defense                  
   Robert Nilsson           Henrik Zetterberg        Kris Versteeg            Brent Burns              Jeff Schultz             

Goaltenders
Starting : Tyler Weiman             
Backup : Jocelyn Thibault         

Extra Forwards
Normal : Dominic Moore, Steve Bernier, Sheldon Keefe - PP : Dominic Moore, Steve Bernier - PK : Sheldon Keefe
Extra Defensemen
Normal : Wes O'Neill, Alexander Sulzer, Andy Rogers - PP : Wes O'Neill - PK : Alexander Sulzer, Andy Rogers
Penalty Shots
Henrik Zetterberg, Robert Nilsson, Kris Versteeg, Pierre-Marc Bouchard, Chris Higgins

Nordiques

5 vs 5 Forward 
   Center                   Left Wing                Right Wing               Time % Phy DF OF 
 1 Chris Drury              R.J. Umberger            Daniel Briere            40     0   1  4  
 2 Vaclav Prospal           Matt Moulson             Alexei Kovalev           30     0   1  4  
 3 Jarret Stoll             Nikolai Kulemin          Pascal Dupuis            20     0   2  3  
 4 Rich Peverley            Kyle Calder              Chris Neil               10     0   2  3  

5 vs 5 Defense 
   Defense                  Defense                                           Time % Phy DF OF 
 1 Fedor Tyutin             Kristopher Letang                                 40     0   3  2  
 2 Mark Eaton               Toni Lydman                                       30     0   3  2  
 3 Niclas Wallin            Niklas Kronwall                                   20     0   3  2  
 4 Fedor Tyutin             Kristopher Letang                                 10     0   3  2  

PowerPlay Forward 
   Center                   Left Wing                Right Wing               Time % Phy DF OF 
 1 Chris Drury              R.J. Umberger            Daniel Briere            60     0   0  5  
 2 Vaclav Prospal           Matt Moulson             Alexei Kovalev           40     0   0  5  

PowerPlay Defense
   Defense                  Defense                                           Time % Phy DF OF 
 1 Fedor Tyutin             Kristopher Letang                                 60     0   2  3  
 2 Mark Eaton               Toni Lydman                                       40     0   2  3  

Penalty Kill 4 Players Forward 
   Center                   Wing                     Time % Phy DF OF 
 1 R.J. Umberger            Pascal Dupuis            60     0   4  1  
 2 Rich Peverley            Vaclav Prospal           40     0   4  1  

Penalty Kill 4 Players Defense
   Defense                  Defense                  Time % Phy DF OF 
 1 Toni Lydman              Niclas Wallin            60     0   5  0  
 2 Mark Eaton               Niklas Kronwall          40     0   5  0  

Penalty Kill - 3 Players Forward 
   Forward                                           Time % Phy DF OF 
 1 Rich Peverley                                     60     0   5  0  
 2 Pascal Dupuis                                     40     0   5  0  

Penalty Kill - 3 Players Defense
   Defense                  Defense                  Time % Phy DF OF 
 1 Toni Lydman              Niclas Wallin            60     0   5  0  
 2 Mark Eaton               Niklas Kronwall          40     0   5  0  

4 vs 4 Forward 
   Center                   Wing                     Time % Phy DF OF 
 1 Chris Drury              R.J. Umberger            60     0   1  4  
 2 Daniel Briere            Vaclav Prospal           40     0   1  4  

4 vs 4 Defense
   Defense                  Defense                  Time % Phy DF OF 
 1 Fedor Tyutin             Kristopher Letang        60     0   3  2  
 2 Mark Eaton               Toni Lydman              40     0   3  2  

Last Minutes Offensive
   Center                   Left Wing                Right Wing               Defense                  Defense                  
   Chris Drury              R.J. Umberger            Daniel Briere            Fedor Tyutin             Kristopher Letang        

Last Minutes Defensive
   Center                   Left Wing                Right Wing               Defense                  Defense                  
   Chris Drury              R.J. Umberger            Daniel Briere            Fedor Tyutin             Kristopher Letang        

Goaltenders
Starting : Martin Brodeur           
Backup : Julien Ellis             

Extra Forwards
Normal : Chris Drury, Daniel Briere, Alexei Kovalev - PP : Chris Drury, Daniel Briere - PK : Pascal Dupuis
Extra Defensemen
Normal : Fedor Tyutin, Kristopher Letang, Mark Eaton - PP : Kristopher Letang - PK : Toni Lydman, Mark Eaton
Penalty Shots
Alexei Kovalev, Chris Drury, Daniel Briere, Jarret Stoll, Matt Moulson

% Time on Ice - Blackhawks

Lines # - Real PCT - Wanted PCT - Time Play
Normal Forward
1 - 35% - 40% - 16:35
2 - 29% - 30% - 13:35
3 - 20% - 20% - 9:24
4 - 16% - 10% - 7:26
Normal Defense
1 - 38% - 40% - 17:54
2 - 32% - 30% - 15:11
3 - 21% - 20% - 9:50
4 - 9% - 10% - 4:05
PP Forward
1 - 59% - 60% - 1:10
2 - 41% - 40% - 0:49
PP Defense
1 - 62% - 60% - 1:14
2 - 38% - 40% - 0:45
PK Forward
1 - 70% - 60% - 7:45
2 - 30% - 40% - 3:16
PK Defense
1 - 60% - 60% - 6:36
2 - 40% - 40% - 4:25
PK3 Forward
1 - 0% - 60%
2 - 0% - 40%
PK3 Defense
1 - 0% - 60%
2 - 0% - 40%
44 Forward
1 - 0% - 60%
2 - 0% - 40%
44 Defense
1 - 0% - 60%
2 - 0% - 40%
Last Minute Offensive  - 0:00
Last Minute Defensive  - 0:00
Total
Forward - 60:00
Defense - 60:00

% Time on Ice - Nordiques

Lines # - Real PCT - Wanted PCT - Time Play
Normal Forward
1 - 34% - 40% - 16:00
2 - 30% - 30% - 14:02
3 - 20% - 20% - 9:17
4 - 16% - 10% - 7:41
Normal Defense
1 - 43% - 40% - 20:06
2 - 31% - 30% - 14:26
3 - 22% - 20% - 10:17
4 - 5% - 10% - 2:11
PP Forward
1 - 57% - 60% - 6:18
2 - 43% - 40% - 4:43
PP Defense
1 - 63% - 60% - 6:58
2 - 37% - 40% - 4:03
PK Forward
1 - 74% - 60% - 1:28
2 - 26% - 40% - 0:31
PK Defense
1 - 55% - 60% - 1:05
2 - 45% - 40% - 0:54
PK3 Forward
1 - 0% - 60%
2 - 0% - 40%
PK3 Defense
1 - 0% - 60%
2 - 0% - 40%
44 Forward
1 - 0% - 60%
2 - 0% - 40%
44 Defense
1 - 0% - 60%
2 - 0% - 40%
Last Minute Offensive  - 0:00
Last Minute Defensive  - 0:00
Total
Forward - 60:00
Defense - 60:00

Play by Play

1st period


0:01 of 1st period - Chris Drury wins face-off versus Robert Nilsson in neutral zone.
0:10 of 1st period - Slapshot by Robert Nilsson.
0:10 of 1st period - Goal by Robert Nilsson - Blackhawks : 1 - Nordiques : 0.
0:11 of 1st period - Pierre-Marc Bouchard wins face-off versus Vaclav Prospal in neutral zone.
1:10 of 1st period - Niclas Wallin is hit by Wes O'Neill and loses puck.
1:28 of 1st period - Off-side.
1:29 of 1st period - Pierre-Marc Bouchard wins face-off versus Alexei Kovalev in neutral zone.
1:54 of 1st period - Jeff Schultz is hit by Chris Drury.
1:58 of 1st period - Wrist shot by Daniel Briere.
1:58 of 1st period - Stopped by Tyler Weiman with a rebound.
2:00 of 1st period - Slapshot by Toni Lydman.
2:00 of 1st period - Deflect By Chris Drury.
2:00 of 1st period - Stopped by Tyler Weiman with a rebound.
2:02 of 1st period - Slapshot by Toni Lydman.
2:02 of 1st period - Shot Blocked by Henrik Zetterberg.
2:04 of 1st period - Slapshot by Toni Lydman.
2:04 of 1st period - Stopped by Tyler Weiman with a rebound.
2:16 of 1st period - Pascal Dupuis is hit by Jeff Schultz and loses puck.
2:42 of 1st period - Slapshot by Jamie Langenbrunner.
2:42 of 1st period - Deflect By Pierre-Marc Bouchard.
2:42 of 1st period - Shot Hit the Post.
2:42 of 1st period - Puck is out of play.
2:43 of 1st period - Chris Higgins wins face-off versus Rich Peverley in Nordiques zone.
3:07 of 1st period - Slapshot by Rich Peverley.
3:07 of 1st period - Stopped by Tyler Weiman without a rebound.
3:08 of 1st period - Robert Nilsson wins face-off versus Chris Drury in Blackhawks zone.
3:23 of 1st period - Wrist shot by Robert Nilsson.
3:23 of 1st period - Shot Misses the Net.
3:25 of 1st period - Snap shot by Henrik Zetterberg.
3:25 of 1st period - Stopped by Martin Brodeur with a rebound.
3:27 of 1st period - Slapshot by Alexander Sulzer.
3:27 of 1st period - Stopped by Martin Brodeur without a rebound.
3:28 of 1st period - Viktor Kozlov wins face-off versus Vaclav Prospal in Nordiques zone.
3:53 of 1st period - Jeff Schultz is hit by Jarret Stoll and loses puck.
4:18 of 1st period - Icing by Niclas Wallin.
4:19 of 1st period - Daniel Briere wins face-off versus Robert Nilsson in Nordiques zone.
4:44 of 1st period - Slapshot by Robert Nilsson.
4:44 of 1st period - Shot Blocked by Chris Drury.
4:48 of 1st period - Slapshot by Henrik Zetterberg.
4:48 of 1st period - Stopped by Martin Brodeur with a rebound.
4:56 of 1st period - Wrist shot by Robert Nilsson.
4:56 of 1st period - Stopped by Martin Brodeur without a rebound.
4:57 of 1st period - Vaclav Prospal wins face-off versus Pierre-Marc Bouchard in Nordiques zone.
5:19 of 1st period - Icing by Kristopher Letang.
5:20 of 1st period - Jarret Stoll wins face-off versus Dominic Moore in Nordiques zone.
5:41 of 1st period - Minor Penalty to Daniel Carcillo for High sticking.
5:42 of 1st period - Henrik Zetterberg wins face-off versus Chris Drury in Blackhawks zone.
7:22 of 1st period - R.J. Umberger is hit by Kris Versteeg and loses puck.
7:35 of 1st period - Mark Eaton is hit by Sheldon Keefe.
7:41 of 1st period - Penalty to Daniel Carcillo is over, Daniel Carcillo is back on ice.
8:18 of 1st period - Ryan Malone is hit by Chris Neil and loses puck.
10:03 of 1st period - Snap shot by Pierre-Marc Bouchard.
10:03 of 1st period - Stopped by Martin Brodeur without a rebound.
10:04 of 1st period - Vaclav Prospal wins face-off versus Pierre-Marc Bouchard in Nordiques zone.
10:11 of 1st period - Andy Rogers is hit by Vaclav Prospal and loses puck.
10:34 of 1st period - Snap shot by Robert Nilsson.
10:34 of 1st period - Deflect By Kris Versteeg.
10:34 of 1st period - Stopped by Martin Brodeur with a rebound.
10:52 of 1st period - Snap shot by Fedor Tyutin.
10:52 of 1st period - Stopped by Tyler Weiman without a rebound.
10:53 of 1st period - Jarret Stoll wins face-off versus Pierre-Marc Bouchard in Blackhawks zone.
11:18 of 1st period - Jeff Schultz is hit by Daniel Briere and loses puck.
12:10 of 1st period - Wrist shot by Rich Peverley.
12:10 of 1st period - Deflect By Chris Higgins.
12:10 of 1st period - Shot Misses the Net.
12:10 of 1st period - Puck is out of play.
12:11 of 1st period - Chris Drury wins face-off versus Robert Nilsson in Blackhawks zone.
13:36 of 1st period - Snap shot by Chris Higgins.
13:36 of 1st period - Stopped by Martin Brodeur without a rebound.
13:37 of 1st period - Chris Drury wins face-off versus Pierre-Marc Bouchard in Nordiques zone.
13:40 of 1st period - Snap shot by Pierre-Marc Bouchard.
13:40 of 1st period - Shot Misses the Net.
14:12 of 1st period - Wrist shot by Alexei Kovalev.
14:12 of 1st period - Shot Misses the Net.
14:14 of 1st period - Wrist shot by Kristopher Letang.
14:14 of 1st period - Shot Misses the Net.
15:48 of 1st period - Icing by Henrik Zetterberg.
15:49 of 1st period - Jarret Stoll wins face-off versus Robert Nilsson in Blackhawks zone.
16:02 of 1st period - Snap shot by R.J. Umberger.
16:02 of 1st period - Shot Misses the Net.
16:38 of 1st period - Slapshot by Kristopher Letang.
16:38 of 1st period - Deflect By Nikolai Kulemin.
16:38 of 1st period - Goal by Nikolai Kulemin - Blackhawks : 1 - Nordiques : 1.
16:39 of 1st period - Robert Nilsson wins face-off versus Chris Drury in neutral zone.
16:42 of 1st period - Wrist shot by Henrik Zetterberg.
16:42 of 1st period - Stopped by Martin Brodeur without a rebound.
16:43 of 1st period - Chris Drury wins face-off versus Robert Nilsson in Nordiques zone.
16:48 of 1st period - Snap shot by Mark Eaton.
16:48 of 1st period - Stopped by Tyler Weiman without a rebound.
16:49 of 1st period - Chris Drury wins face-off versus Robert Nilsson in Blackhawks zone.
16:50 of 1st period - Wrist shot by Daniel Briere.
16:50 of 1st period - Stopped by Tyler Weiman with a rebound.
17:02 of 1st period - Wrist shot by Robert Nilsson.
17:02 of 1st period - Deflect By Henrik Zetterberg.
17:02 of 1st period - Shot Blocked by Mark Eaton.
17:02 of 1st period - Puck is out of play.
17:03 of 1st period - Chris Drury wins face-off versus Robert Nilsson in Nordiques zone.
17:43 of 1st period - Chris Campoli is hit by Vaclav Prospal and loses puck.
18:00 of 1st period - Wrist shot by Viktor Kozlov.
18:00 of 1st period - Shot Hit the Post.
18:12 of 1st period - Wrist shot by Alexei Kovalev.
18:12 of 1st period - Stopped by Tyler Weiman without a rebound.
18:13 of 1st period - Dominic Moore wins face-off versus Chris Drury in Blackhawks zone.
19:39 of 1st period - Dominic Moore is hit by Niklas Kronwall and loses puck.
19:50 of 1st period - Matt Moulson is hit by Brent Burns and loses puck.
19:57 of 1st period - Viktor Kozlov is hit by Matt Moulson and loses puck.
Goals for this period are 1 for Blackhawks vs 1 for Nordiques.
Shots for this period are 9 for Blackhawks vs 9 for Nordiques.

2nd period


0:01 of 2nd period - Robert Nilsson wins face-off versus Chris Drury in neutral zone.
0:16 of 2nd period - Snap shot by Robert Nilsson.
0:16 of 2nd period - Stopped by Martin Brodeur without a rebound.
0:17 of 2nd period - Pierre-Marc Bouchard wins face-off versus Vaclav Prospal in Nordiques zone.
0:20 of 2nd period - Snap shot by Chris Higgins.
0:20 of 2nd period - Deflect By Pierre-Marc Bouchard.
0:20 of 2nd period - Stopped by Martin Brodeur with a rebound.
0:30 of 2nd period - Backhand shot by Chris Higgins.
0:30 of 2nd period - Shot Misses the Net.
0:32 of 2nd period - Wrist shot by Jamie Langenbrunner.
0:32 of 2nd period - Deflect By Chris Higgins.
0:32 of 2nd period - Shot Misses the Net.
0:32 of 2nd period - Puck is out of play.
0:33 of 2nd period - Chris Drury wins face-off versus Robert Nilsson in Nordiques zone.
0:33 of 2nd period - Chris Drury is hit by Henrik Zetterberg.
0:41 of 2nd period - Slapshot by Robert Nilsson.
0:41 of 2nd period - Shot Misses the Net.
0:43 of 2nd period - Slapshot by Chris Campoli.
0:43 of 2nd period - Shot Blocked by Fedor Tyutin.
1:01 of 2nd period - Slapshot by Alexei Kovalev.
1:01 of 2nd period - Stopped by Tyler Weiman with a rebound.
1:03 of 2nd period - Snap shot by Alexei Kovalev.
1:03 of 2nd period - Shot Misses the Net.
1:05 of 2nd period - Snap shot by Vaclav Prospal.
1:05 of 2nd period - Stopped by Tyler Weiman with a rebound.
1:50 of 2nd period - Off-side.
1:51 of 2nd period - Daniel Briere wins face-off versus Robert Nilsson in neutral zone.
1:58 of 2nd period - Wrist shot by Daniel Briere.
1:58 of 2nd period - Stopped by Tyler Weiman with a rebound.
2:00 of 2nd period - Slapshot by Fedor Tyutin.
2:00 of 2nd period - Stopped by Tyler Weiman with a rebound.
2:02 of 2nd period - Wrist shot by Chris Drury.
2:02 of 2nd period - Shot Misses the Net.
2:04 of 2nd period - Slapshot by Kristopher Letang.
2:04 of 2nd period - Stopped by Tyler Weiman with a rebound.
2:06 of 2nd period - Wrist shot by Fedor Tyutin.
2:06 of 2nd period - Stopped by Tyler Weiman with a rebound.
2:08 of 2nd period - Slapshot by Daniel Briere.
2:08 of 2nd period - Stopped by Tyler Weiman with a rebound.
2:14 of 2nd period - Minor Penalty to Henrik Zetterberg for Roughing.
2:15 of 2nd period - Sheldon Keefe wins face-off versus Chris Drury in Blackhawks zone.
2:19 of 2nd period - Off-side.
2:20 of 2nd period - R.J. Umberger wins face-off versus Sheldon Keefe in neutral zone.
2:48 of 2nd period - Icing by Fedor Tyutin.
2:49 of 2nd period - Vaclav Prospal wins face-off versus Dominic Moore in Nordiques zone.
3:02 of 2nd period - Andy Rogers is hit by Kristopher Letang and loses puck.
3:03 of 2nd period - Andy Rogers from Blackhawks is injured at 3:03 of 2nd period (Bruised Right Arm).
3:04 of 2nd period - Sheldon Keefe wins face-off versus Chris Drury in Blackhawks zone.
3:20 of 2nd period - Wrist shot by R.J. Umberger.
3:20 of 2nd period - Goal by R.J. Umberger - Blackhawks : 1 - Nordiques : 2.
3:21 of 2nd period - Chris Drury wins face-off versus Robert Nilsson in neutral zone.
3:52 of 2nd period - Slapshot by Brent Burns.
3:52 of 2nd period - Stopped by Martin Brodeur with a rebound.
3:54 of 2nd period - Slapshot by Jeff Schultz.
3:54 of 2nd period - Stopped by Martin Brodeur without a rebound.
3:55 of 2nd period - Pierre-Marc Bouchard wins face-off versus Matt Moulson in Nordiques zone.
4:02 of 2nd period - Snap shot by Chris Higgins.
4:02 of 2nd period - Shot Misses the Net.
4:04 of 2nd period - Wrist shot by Jamie Langenbrunner.
4:04 of 2nd period - Stopped by Martin Brodeur with a rebound.
4:20 of 2nd period - Kris Versteeg is hit by Daniel Briere and loses puck.
4:32 of 2nd period - Off-side.
4:33 of 2nd period - Dominic Moore wins face-off versus Vaclav Prospal in neutral zone.
4:43 of 2nd period - Wrist shot by Daniel Carcillo.
4:43 of 2nd period - Stopped by Martin Brodeur with a rebound.
4:45 of 2nd period - Wrist shot by Jeff Schultz.
4:45 of 2nd period - Deflect By Steve Bernier.
4:45 of 2nd period - Shot Blocked by Alexei Kovalev.
4:45 of 2nd period - Puck is out of play.
4:46 of 2nd period - R.J. Umberger wins face-off versus Robert Nilsson in Nordiques zone.
4:46 of 2nd period - R.J. Umberger is hit by Jeff Schultz.
5:50 of 2nd period - Fedor Tyutin is hit by Chris Campoli and loses puck.
6:21 of 2nd period - Daniel Briere is hit by Ryan Malone and loses puck.
6:32 of 2nd period - Vaclav Prospal is hit by Jeff Schultz and loses puck.
6:56 of 2nd period - Dominic Moore is hit by Chris Neil and loses puck.
7:54 of 2nd period - Off-side.
7:55 of 2nd period - Pascal Dupuis wins face-off versus Pierre-Marc Bouchard in neutral zone.
8:00 of 2nd period - Slapshot by Kristopher Letang.
8:00 of 2nd period - Deflect By Wes O'Neill.
8:00 of 2nd period - Stopped by Tyler Weiman with a rebound.
8:20 of 2nd period - Wes O'Neill is hit by Daniel Briere and loses puck.
9:05 of 2nd period - Wrist shot by Viktor Kozlov.
9:05 of 2nd period - Deflect By Ryan Malone.
9:05 of 2nd period - Shot Misses the Net.
9:05 of 2nd period - Puck is out of play.
9:06 of 2nd period - Viktor Kozlov wins face-off versus Chris Neil in Nordiques zone.
9:44 of 2nd period - Snap shot by Chris Neil.
9:44 of 2nd period - Shot Misses the Net.
9:50 of 2nd period - Kyle Calder is hit by Sheldon Keefe and loses puck.
9:59 of 2nd period - Wrist shot by Rich Peverley.
9:59 of 2nd period - Stopped by Tyler Weiman with a rebound.
10:01 of 2nd period - Slapshot by Niclas Wallin.
10:01 of 2nd period - Shot Misses the Net.
10:03 of 2nd period - Slapshot by Kyle Calder.
10:03 of 2nd period - Shot Blocked by Viktor Kozlov.
10:05 of 2nd period - Snap shot by Chris Neil.
10:05 of 2nd period - Shot Misses the Net.
10:52 of 2nd period - Slapshot by Viktor Kozlov.
10:52 of 2nd period - Shot Blocked by Niklas Kronwall.
11:35 of 2nd period - Wrist shot by Viktor Kozlov.
11:35 of 2nd period - Stopped by Martin Brodeur without a rebound.
11:36 of 2nd period - Chris Drury wins face-off versus Robert Nilsson in Nordiques zone.
11:45 of 2nd period - Snap shot by Daniel Briere.
11:45 of 2nd period - Deflect By Henrik Zetterberg.
11:45 of 2nd period - Shot Misses the Net.
11:45 of 2nd period - Puck is out of play.
11:46 of 2nd period - Robert Nilsson wins face-off versus Chris Drury in Blackhawks zone.
11:59 of 2nd period - Snap shot by Daniel Briere.
11:59 of 2nd period - Stopped by Tyler Weiman without a rebound.
12:00 of 2nd period - Robert Nilsson wins face-off versus Chris Drury in Blackhawks zone.
12:00 of 2nd period - Robert Nilsson is hit by Fedor Tyutin.
12:12 of 2nd period - Wrist shot by Robert Nilsson.
12:12 of 2nd period - Goal by Robert Nilsson - Blackhawks : 2 - Nordiques : 2.
12:13 of 2nd period - Chris Drury wins face-off versus Robert Nilsson in neutral zone.
13:13 of 2nd period - Snap shot by Pascal Dupuis.
13:13 of 2nd period - Stopped by Tyler Weiman with a rebound.
13:19 of 2nd period - Minor Penalty to Dominic Moore for Hooking.
13:20 of 2nd period - Chris Drury wins face-off versus Henrik Zetterberg in Blackhawks zone.
13:27 of 2nd period - Snap shot by R.J. Umberger.
13:27 of 2nd period - Shot Hit the Post.
13:29 of 2nd period - Wrist shot by Daniel Briere.
13:29 of 2nd period - Shot Misses the Net.
13:31 of 2nd period - Slapshot by Kristopher Letang.
13:31 of 2nd period - Shot Blocked by Brent Burns.
13:33 of 2nd period - Slapshot by R.J. Umberger.
13:33 of 2nd period - Deflect By Henrik Zetterberg.
13:33 of 2nd period - Shot Misses the Net.
13:33 of 2nd period - Puck is out of play.
13:34 of 2nd period - Chris Drury wins face-off versus Henrik Zetterberg in Blackhawks zone.
14:01 of 2nd period - Robert Nilsson is hit by Kristopher Letang and loses puck.
15:19 of 2nd period - Penalty to Dominic Moore is over, Dominic Moore is back on ice.
15:34 of 2nd period - Wrist shot by Dominic Moore.
15:34 of 2nd period - Shot Misses the Net.
15:36 of 2nd period - Wrist shot by Dominic Moore.
15:36 of 2nd period - Goal by Dominic Moore - Blackhawks : 3 - Nordiques : 2.
15:37 of 2nd period - Robert Nilsson wins face-off versus Vaclav Prospal in neutral zone.
16:04 of 2nd period - Chris Higgins is hit by Jarret Stoll and loses puck.
16:13 of 2nd period - Slapshot by Brent Burns.
16:13 of 2nd period - Shot Misses the Net.
16:23 of 2nd period - Snap shot by Steve Bernier.
16:23 of 2nd period - Shot Blocked by Mark Eaton.
16:25 of 2nd period - Snap shot by Daniel Carcillo.
16:25 of 2nd period - Stopped by Martin Brodeur without a rebound.
16:26 of 2nd period - Steve Bernier wins face-off versus Rich Peverley in Nordiques zone.
16:33 of 2nd period - Wrist shot by Kyle Calder.
16:33 of 2nd period - Shot Hit the Post.
16:35 of 2nd period - Slapshot by Fedor Tyutin.
16:35 of 2nd period - Shot Misses the Net.
16:37 of 2nd period - Snap shot by Kristopher Letang.
16:37 of 2nd period - Shot Misses the Net.
16:39 of 2nd period - Wrist shot by Kristopher Letang.
16:39 of 2nd period - Shot Blocked by Steve Bernier.
16:41 of 2nd period - Wrist shot by Rich Peverley.
16:41 of 2nd period - Stopped by Tyler Weiman without a rebound.
16:42 of 2nd period - Chris Drury wins face-off versus Robert Nilsson in Blackhawks zone.
16:47 of 2nd period - Slapshot by Chris Drury.
16:47 of 2nd period - Deflect By Daniel Briere.
16:47 of 2nd period - Stopped by Tyler Weiman with a rebound.
16:49 of 2nd period - Snap shot by Fedor Tyutin.
16:49 of 2nd period - Deflect By Daniel Briere.
16:49 of 2nd period - Stopped by Tyler Weiman without a rebound.
16:50 of 2nd period - Chris Drury wins face-off versus Robert Nilsson in Blackhawks zone.
17:08 of 2nd period - Minor Penalty to Kris Versteeg for Boarding.
17:09 of 2nd period - Chris Drury wins face-off versus Robert Nilsson in Blackhawks zone.
17:48 of 2nd period - Off-side.
17:49 of 2nd period - Chris Drury wins face-off versus Sheldon Keefe in neutral zone.
17:52 of 2nd period - Slapshot by Daniel Briere.
17:52 of 2nd period - Stopped by Tyler Weiman without a rebound.
17:53 of 2nd period - Chris Drury wins face-off versus Sheldon Keefe in Blackhawks zone.
18:26 of 2nd period - Slapshot by Fedor Tyutin.
18:26 of 2nd period - Stopped by Tyler Weiman without a rebound.
18:27 of 2nd period - Sheldon Keefe wins face-off versus Vaclav Prospal in Blackhawks zone.
18:38 of 2nd period - Wrist shot by Vaclav Prospal.
18:38 of 2nd period - Shot Misses the Net.
18:40 of 2nd period - Slapshot by Toni Lydman.
18:40 of 2nd period - Shot Blocked by Brent Burns.
18:42 of 2nd period - Slapshot by Mark Eaton.
18:42 of 2nd period - Shot Blocked by Henrik Zetterberg.
18:52 of 2nd period - Jeff Schultz is hit by Daniel Briere.
19:08 of 2nd period - Penalty to Kris Versteeg is over, Kris Versteeg is back on ice.
19:31 of 2nd period - Snap shot by Dominic Moore.
19:31 of 2nd period - Shot Blocked by Kristopher Letang.
19:33 of 2nd period - Wrist shot by Dominic Moore.
19:33 of 2nd period - Stopped by Martin Brodeur without a rebound.
19:34 of 2nd period - Chris Drury wins face-off versus Dominic Moore in Nordiques zone.
Goals for this period are 2 for Blackhawks vs 1 for Nordiques.
Shots for this period are 11 for Blackhawks vs 17 for Nordiques.

3rd period


0:01 of 3rd period - Robert Nilsson wins face-off versus Chris Drury in neutral zone.
1:19 of 3rd period - Slapshot by Brent Burns.
1:19 of 3rd period - Stopped by Martin Brodeur without a rebound.
1:20 of 3rd period - Robert Nilsson wins face-off versus Chris Drury in Nordiques zone.
1:21 of 3rd period - Slapshot by Henrik Zetterberg.
1:21 of 3rd period - Shot Misses the Net.
1:23 of 3rd period - Snap shot by Henrik Zetterberg.
1:23 of 3rd period - Deflect By Robert Nilsson.
1:23 of 3rd period - Stopped by Martin Brodeur with a rebound.
1:25 of 3rd period - Wrist shot by Robert Nilsson.
1:25 of 3rd period - Shot Misses the Net.
1:27 of 3rd period - Backhand shot by Robert Nilsson.
1:27 of 3rd period - Deflect By Henrik Zetterberg.
1:27 of 3rd period - Stopped by Martin Brodeur with a rebound.
1:29 of 3rd period - Snap shot by Henrik Zetterberg.
1:29 of 3rd period - Stopped by Martin Brodeur without a rebound.
1:30 of 3rd period - Robert Nilsson wins face-off versus Chris Drury in Nordiques zone.
2:08 of 3rd period - Wrist shot by Robert Nilsson.
2:08 of 3rd period - Stopped by Martin Brodeur without a rebound.
2:09 of 3rd period - Vaclav Prospal wins face-off versus Pierre-Marc Bouchard in Nordiques zone.
2:09 of 3rd period - Vaclav Prospal is hit by Chris Higgins.
2:15 of 3rd period - Slapshot by Fedor Tyutin.
2:15 of 3rd period - Deflect By Alexei Kovalev.
2:15 of 3rd period - Stopped by Tyler Weiman without a rebound.
2:16 of 3rd period - Pierre-Marc Bouchard wins face-off versus Vaclav Prospal in Blackhawks zone.
4:12 of 3rd period - Jeff Schultz is hit by Matt Moulson.
4:18 of 3rd period - Snap shot by Matt Moulson.
4:18 of 3rd period - Deflect By Alexei Kovalev.
4:18 of 3rd period - Shot Misses the Net.
4:18 of 3rd period - Puck is out of play.
4:19 of 3rd period - Robert Nilsson wins face-off versus Chris Drury in Blackhawks zone.
4:34 of 3rd period - Slapshot by Chris Campoli.
4:34 of 3rd period - Stopped by Martin Brodeur with a rebound.
5:00 of 3rd period - Mark Eaton is hit by Dominic Moore and loses puck.
5:21 of 3rd period - Slapshot by Sheldon Keefe.
5:21 of 3rd period - Shot Misses the Net.
5:23 of 3rd period - Snap shot by Sheldon Keefe.
5:23 of 3rd period - Goal by Sheldon Keefe - Blackhawks : 4 - Nordiques : 2.
5:24 of 3rd period - Chris Drury wins face-off versus Robert Nilsson in neutral zone.
5:36 of 3rd period - Wrist shot by Daniel Briere.
5:36 of 3rd period - Stopped by Tyler Weiman without a rebound.
5:37 of 3rd period - Robert Nilsson wins face-off versus Chris Drury in Blackhawks zone.
5:37 of 3rd period - Robert Nilsson is hit by R.J. Umberger.
5:44 of 3rd period - Icing by Toni Lydman.
5:45 of 3rd period - Chris Drury wins face-off versus Robert Nilsson in Nordiques zone.
6:10 of 3rd period - Snap shot by Robert Nilsson.
6:10 of 3rd period - Stopped by Martin Brodeur with a rebound.
6:12 of 3rd period - Wrist shot by Henrik Zetterberg.
6:12 of 3rd period - Deflect By Robert Nilsson.
6:12 of 3rd period - Stopped by Martin Brodeur without a rebound.
6:13 of 3rd period - Pierre-Marc Bouchard wins face-off versus Matt Moulson in Nordiques zone.
6:38 of 3rd period - Pascal Dupuis is hit by Daniel Carcillo.
7:08 of 3rd period - Wrist shot by Chris Drury.
7:08 of 3rd period - Shot Blocked by Wes O'Neill.
7:10 of 3rd period - Slapshot by Daniel Briere.
7:10 of 3rd period - Shot Blocked by Kris Versteeg.
7:12 of 3rd period - Snap shot by Chris Drury.
7:12 of 3rd period - Stopped by Tyler Weiman without a rebound.
7:13 of 3rd period - Vaclav Prospal wins face-off versus Pierre-Marc Bouchard in Blackhawks zone.
7:18 of 3rd period - Matt Moulson is hit by Chris Higgins and loses puck.
7:26 of 3rd period - Minor Penalty to Vaclav Prospal for Hooking.
7:27 of 3rd period - Robert Nilsson wins face-off versus R.J. Umberger in Nordiques zone.
9:26 of 3rd period - Penalty to Vaclav Prospal is over, Vaclav Prospal is back on ice.
10:11 of 3rd period - Kyle Calder is hit by Viktor Kozlov and loses puck.
10:24 of 3rd period - Jamie Langenbrunner is hit by Pascal Dupuis and loses puck.
10:53 of 3rd period - Matt Moulson is hit by Sheldon Keefe and loses puck.
10:58 of 3rd period - Wrist shot by Viktor Kozlov.
10:58 of 3rd period - Stopped by Martin Brodeur without a rebound.
10:59 of 3rd period - Vaclav Prospal wins face-off versus Viktor Kozlov in Nordiques zone.
11:12 of 3rd period - Icing by Kristopher Letang.
11:13 of 3rd period - Vaclav Prospal wins face-off versus Robert Nilsson in Nordiques zone.
11:13 of 3rd period - Vaclav Prospal is hit by Robert Nilsson.
11:50 of 3rd period - Minor Penalty to Kris Versteeg for Tripping.
11:51 of 3rd period - Chris Drury wins face-off versus Henrik Zetterberg in Blackhawks zone.
12:24 of 3rd period - Snap shot by Sheldon Keefe.
12:24 of 3rd period - Deflect By Pierre-Marc Bouchard.
12:24 of 3rd period - Shot Blocked by Mark Eaton.
12:24 of 3rd period - Puck is out of play.
12:25 of 3rd period - Chris Drury wins face-off versus Henrik Zetterberg in Nordiques zone.
12:40 of 3rd period - Robert Nilsson is hit by Toni Lydman and loses puck.
12:51 of 3rd period - Alexei Kovalev is hit by Pierre-Marc Bouchard and loses puck.
13:50 of 3rd period - Penalty to Kris Versteeg is over, Kris Versteeg is back on ice.
14:00 of 3rd period - Alexander Sulzer is hit by Fedor Tyutin and loses puck.
14:18 of 3rd period - Rich Peverley is hit by Chris Campoli and loses puck.
14:23 of 3rd period - Slapshot by Sheldon Keefe.
14:23 of 3rd period - Stopped by Martin Brodeur without a rebound.
14:24 of 3rd period - Pierre-Marc Bouchard wins face-off versus Chris Drury in Nordiques zone.
14:33 of 3rd period - Wrist shot by Chris Drury.
14:33 of 3rd period - Shot Blocked by Brent Burns.
14:59 of 3rd period - Wrist shot by Viktor Kozlov.
14:59 of 3rd period - Goal by Viktor Kozlov - Blackhawks : 5 - Nordiques : 2.
15:00 of 3rd period - Robert Nilsson wins face-off versus R.J. Umberger in neutral zone.
15:04 of 3rd period - Fedor Tyutin is hit by Alexander Sulzer and loses puck.
15:15 of 3rd period - Snap shot by Henrik Zetterberg.
15:15 of 3rd period - Stopped by Martin Brodeur with a rebound.
15:17 of 3rd period - Snap shot by Henrik Zetterberg.
15:17 of 3rd period - Shot Misses the Net.
15:50 of 3rd period - Wrist shot by Nikolai Kulemin.
15:50 of 3rd period - Deflect By Jarret Stoll.
15:50 of 3rd period - Shot Misses the Net.
15:50 of 3rd period - Puck is out of play.
15:51 of 3rd period - Jarret Stoll wins face-off versus Robert Nilsson in Blackhawks zone.
16:04 of 3rd period - Snap shot by Robert Nilsson.
16:04 of 3rd period - Stopped by Martin Brodeur without a rebound.
16:05 of 3rd period - Robert Nilsson wins face-off versus Chris Drury in Nordiques zone.
16:18 of 3rd period - Snap shot by Henrik Zetterberg.
16:18 of 3rd period - Shot Misses the Net.
16:20 of 3rd period - Slapshot by Brent Burns.
16:20 of 3rd period - Stopped by Martin Brodeur without a rebound.
16:21 of 3rd period - Pierre-Marc Bouchard wins face-off versus Vaclav Prospal in Nordiques zone.
16:36 of 3rd period - Wrist shot by Alexei Kovalev.
16:36 of 3rd period - Stopped by Tyler Weiman without a rebound.
16:37 of 3rd period - Chris Drury wins face-off versus Robert Nilsson in Blackhawks zone.
17:28 of 3rd period - Fedor Tyutin is hit by Wes O'Neill and loses puck.
17:50 of 3rd period - Minor Penalty to Daniel Carcillo for Cross-checking.
17:51 of 3rd period - Chris Drury wins face-off versus Henrik Zetterberg in Blackhawks zone.
18:26 of 3rd period - Wrist shot by Alexei Kovalev.
18:26 of 3rd period - Deflect By Brent Burns.
18:26 of 3rd period - Shot Misses the Net.
18:26 of 3rd period - Puck is out of play.
18:27 of 3rd period - Henrik Zetterberg wins face-off versus Chris Drury in Blackhawks zone.
18:56 of 3rd period - Slapshot by Kristopher Letang.
18:56 of 3rd period - Stopped by Tyler Weiman with a rebound.
18:58 of 3rd period - Wrist shot by Vaclav Prospal.
18:58 of 3rd period - Stopped by Tyler Weiman without a rebound.
18:59 of 3rd period - Chris Drury wins face-off versus Henrik Zetterberg in Blackhawks zone.
19:00 of 3rd period - Snap shot by Daniel Briere.
19:00 of 3rd period - Shot Misses the Net.
19:50 of 3rd period - Penalty to Daniel Carcillo is over, Daniel Carcillo is back on ice.
19:54 of 3rd period - Matt Moulson is hit by Robert Nilsson and loses puck.
Goals for this period are 2 for Blackhawks vs 0 for Nordiques.
Shots for this period are 15 for Blackhawks vs 6 for Nordiques.


Output by the SimonT Hockey Simulator (STHS) for François Prévost -- Original Page W3C XHTML 1.0 Valid
Hockey Simulator - Hockey Simulation - Hockey Manager